 Dungeon Crawl Stone Soup version 0.27-a0-1006-g1fd4cec11e (webtiles) character file.

Game seed: 1935634826517582088

1628 scammafunk the Thrower (level 8, -3/76 (79) HPs)
             Began as a Troll Hunter on Apr 12, 2021.
             Was a Believer of Nemelex Xobeh.
             Slain by a two-headed ogre
             ... wielding a +0 giant spiked club
              (28 damage)
             ... on level 7 of the Dungeon on Apr 17, 2021.
             The game lasted 00:17:56 (5789 turns).

scammafunk the Thrower (Troll Hunter)               Turns: 5789, Time: 00:17:58

HP:   -3/76 (79)    AC:  6    Str: 27    XL:     8   Next: 65%
MP:   7/7           EV:  9    Int:  7    God:    Nemelex Xobeh [**....]
Gold: 342           SH:  0    Dex: 10    Spells: 7/7 levels left

rFire    x . .     SeeInvis .     - Unarmed
rCold    + . .     Faith    .   (no shield)
rNeg     + . .     Spirit   .   b - +0 robe
rPois    .         Reflect  .   x - +0 hat
rElec    .         Harm     .   s - +1 cloak
rCorr    .         Rampage  .   (gloves unavailable)
Will     .....                  (boots unavailable)
Stlth    +.........             (no amulet)
HPRegen  1.22/turn              D - ring "Oghiff" {Ice rN+ Str+4}
MPRegen  0.10/turn              (no ring)

@: lightly drained
A: large, unfitting armour, claws 3, regeneration 1, shaggy fur 1, tough skin 1
a: Renounce Religion, Draw Escape, Draw Destruction, Draw Summoning


You were on level 7 of the Dungeon.
You worshipped Nemelex Xobeh.
Nemelex Xobeh was pleased with you.
You visited 2 branches of the dungeon, and saw 8 of its levels.

You collected 342 gold pieces.

Inventory:

Hand Weapons
 w - a +0 giant club
Missiles
 c - 3 large rocks (quivered)
 d - a throwing net
Armour
 b - a +0 robe (worn)
 s - a +1 cloak (worn)
 x - a +0 hat (worn)
Magical Staves
 f - a staff of poison
Jewellery
 i - a ring of protection from cold
 C - a ring of willpower
 D - the ring "Oghiff" (left claw) {Ice rN+ Str+4}
   (You found it on level 5 of the Dungeon)

   [ring of ice]

   It enhances your ice magic.
   It affects your strength (+4).
   It makes you vulnerable to fire.
   It protects you from cold.
   It protects you from negative energy.
 E - a ring of resist corrosion
 I - a ring of willpower
Wands
 v - a wand of flame (12)
 G - a wand of paralysis (3)
 H - a wand of acid (8)
Scrolls
 g - a scroll of magic mapping {unknown}
 h - a scroll of fear {unknown}
 j - 2 scrolls of enchant armour {unknown}
 l - 2 scrolls of teleportation {unknown}
 m - a scroll of fog {unknown}
 o - 2 scrolls of summoning {unknown}
 q - 4 scrolls of acquirement {unknown}
 y - a scroll of vulnerability {unknown}
 z - 3 scrolls of identify {unknown}
 B - a scroll of immolation {unknown}
 F - a scroll of noise {unknown}
Potions
 a - a potion of resistance {unknown}
 e - a potion of flight {unknown}
 k - a potion of ambrosia {unknown}
 n - 3 potions of mutation {unknown}
 p - 3 potions of haste {unknown}
 r - a potion of attraction {unknown}
 t - 3 potions of curing {unknown}
 u - a potion of lignification {unknown}
 A - a potion of heal wounds {unknown}


   Skills:
 + Level 4.7 Fighting
 * Level 8.1 Throwing
 - Level 1.5 Dodging
 - Level 0.3 Stealth
 + Level 5.2 Unarmed Combat


You had 7 spell levels left.
You didn't know any spells.
Your spell library contained the following spells:

 Spells                   Type           Power      Damage    Failure   Level
 Beastly Appendage        Tmut           0%         N/A       43%         1
 Magic Dart               Conj           0%         1d3       43%         1
 Searing Ray              Conj           0%         3d3       56%         2
 Wereblood                Tmut           0%         N/A       56%         2
 Dazzling Flash           Conj/Hex       0%         N/A       80%         3
 Spider Form              Tmut/Pois      0%         N/A       80%         3
 Fulminant Prism          Conj/Hex       0%         3d6       99%         4
 Ice Form                 Ice/Tmut       0%         N/A       99%         4
 Iskenderun's Mystic Bla  Conj/Tloc      0%         2d3       99%         4
 Bolt of Magma            Conj/Fire/Erth 0%         4d4       100%        5
 Hydra Form               Tmut           0%         N/A       100%        5
 Iskenderun's Battlesphe  Conj           0%         2d6       100%        5
 Iron Shot                Conj/Erth      0%         9d1       100%        6
 Orb of Destruction       Conj           0%         N/A       100%        7
 Spellforged Servitor     Conj/Summ      0%         N/A       100%        7


Dungeon Overview and Level Annotations

Branches:
Dungeon (7/15)             Temple (1/1) D:6

Altars:
Ashenzari
Cheibriados
Dithmenos
Elyvilon
Gozag
Hepliaklqana
Kikubaaqudgha
Nemelex Xobeh
Okawaru
Ru
Trog
Uskayaw
Vehumet
Wu Jian
Yredelemnul
The Shining One

Shops:
D:2 (   D:3 :   D:6 =


Innate Abilities, Weirdness & Mutations

You are too large for most types of armour.
You have claws for hands.
Your natural rate of healing is unusually fast.
You are covered in fur. (AC +1)
You have tough skin. (AC +1)


Message History

A wight comes into view. It is wielding a +3 halberd.
A wight comes into view. It is wielding a +0 flail.
The wight hits you from afar with a +3 halberd!
A two-headed ogre comes into view.
It is wielding two +0 giant spiked clubs.
The wight closely misses you.
You closely miss the wight.
The two-headed ogre shouts in stereo!
A wight comes into view. It is wielding a +3 flail.
The wight barely misses you.
You mangle the wight!!
You destroy the wight!
Things that are here:
a +3 halberd; a +0 robe You barely miss the wight.
The wight hits you with a +0 flail. The wight hits you with a +3 flail!
You partially resist.
You feel drained.
You claw the wight!
The wight is moderately damaged.
The wight hits you with a +0 flail! The wight misses you.
You draw a card...
You have drawn Vitriol.
Press: ? - help, Shift-Dir - straight line, f - two-headed ogre
Aim: a two-headed ogre, wielding two +0 giant spiked clubs The glob of acid hits the two-headed ogre!
The two-headed ogre is splashed with acid.
The acid corrodes the two-headed ogre!
The two-headed ogre is moderately wounded.
The deck of cards glows slightly and disappears.
The wight hits you with a +0 flail! You partially resist.
You feel drained.
You draw a card...
You have drawn Velocity.
The wight seems to slow down.
The deck of cards disappears without a trace.
The two-headed ogre closely misses you.
The two-headed ogre hits you with a +0 giant spiked club!
You scratch the wight but do no damage.
The wight is moderately damaged.
The wight barely misses you.
The two-headed ogre hits you with a +0 giant spiked club!
The two-headed ogre hits you with a +0 giant spiked club!!
You die...
Your body glows slightly and disappears.

###...# #.#...# #
##.## ..... #.# ...
#.# ##.## #.####
#.).# #....#
#...###### ####.#
#........# #.#
#####Ozz####.#
####.###.....@......#
#....................
#.##.###.............
# #.# #####...####..
#.# #..... . #.#
#...### ..# #...# ##
.## ##..# .## .


You could see a two-headed ogre (corroded) and 2 wights.

Vanquished Creatures
  Grinder (D:6)
  A shadow (D:6)
  An orc warrior (D:7)
  A black bear (D:5)
  2 ogres
  A centaur (D:5)
  Blork the orc (D:5)
  A water moccasin zombie (D:5)
  A water moccasin skeleton (D:6)
  A wight (D:7)
  A howler monkey (D:6)
  2 centaur zombies
  A jelly (D:6)
  A centaur skeleton (D:4)
  2 hounds
  2 orc priests (D:6)
  3 orc wizards
  3 iguanas
  4 gnolls (D:3)
  4 adders
  A shadow imp (D:6)
  A white imp (D:5)
  7 dart slugs
  18 orcs
  9 endoplasms
  4 giant cockroaches
  5 goblins
  8 hobgoblins
  4 jackals (D:4)
  5 kobolds
  2 quokkas
  8 ball pythons
  4 bats
  3 frilled lizards
  3 rats
116 creatures vanquished.

Notes
Turn   | Place    | Note
-------+----------+-------------------------------------------
     0 | D:1      | scammafunk the Troll Hunter began the quest for the Orb.
     0 | D:1      | Reached XP level 1. HP: 19/19 MP: 0/0
    59 | D:1      | Reached XP level 2. HP: 27/28 MP: 1/1
   213 | D:1      | Reached skill level 4 in Throwing
   417 | D:1      | Reached skill level 1 in Unarmed Combat
   500 | D:1      | Reached XP level 3. HP: 35/35 MP: 2/2
  1171 | D:2      | Found Mauxt's Weapon Shop.
  1827 | D:3      | Reached XP level 4. HP: 31/42 MP: 3/3
  1988 | D:3      | Found Rojy's Book Shoppe.
  2022 | D:3      | Reached XP level 5. HP: 29/50 MP: 4/4
  2175 | D:3      | Reached skill level 5 in Throwing
  2760 | D:4      | Found a sparkling altar of Nemelex Xobeh.
  2760 | D:4      | Found a glowing golden altar of the Shining One.
  2761 | D:4      | Found a radiant altar of Vehumet.
  2775 | D:4      | Noticed an ogre
  2783 | D:4      | Killed an ogre
  2784 | D:4      | Reached XP level 6. HP: 47/59 MP: 5/5
  2897 | D:4      | Found an opulent altar of Gozag.
  3228 | D:4      | Became a worshipper of Nemelex Xobeh the Trickster
  3561 | D:5      | Entered Level 5 of the Dungeon
  3571 | D:5      | Upgraded the game from 0.27-a0-965-gbf8bb431c4 to
                  | 0.27-a0-1006-g1fd4cec11e
  3689 | D:5      | Reached skill level 6 in Throwing
  3695 | D:5      | Identified the ring "Oghiff" {Ice rN+ Str+4}
  3712 | D:5      | Reached XP level 7. HP: 62/67 MP: 6/6
  4041 | D:5      | Noticed Blork the orc
  4050 | D:5      | Killed Blork the orc
  4182 | D:5      | Found a hide-covered altar of Uskayaw.
  4566 | D:6      | Reached * piety under Nemelex Xobeh
  4636 | D:6      | Found a staircase to the Ecumenical Temple.
  4645 | Temple   | Entered the Ecumenical Temple
  5018 | D:6      | Received a gift from Nemelex Xobeh
  5058 | D:6      | Found Lemuvin's Jewellery Shop.
  5142 | D:6      | Noticed Grinder
  5146 | D:6      | Killed Grinder
  5147 | D:6      | Reached skill level 7 in Throwing
  5147 | D:6      | Reached XP level 8. HP: 78/78 MP: 7/7
  5626 | D:7      | Reached skill level 5 in Unarmed Combat
  5642 | D:7      | Reached skill level 8 in Throwing
  5774 | D:7      | Reached ** piety under Nemelex Xobeh
  5777 | D:7      | Noticed a two-headed ogre
  5789 | D:7      | Slain by a two-headed ogre

Illustrated notes

Levels and vault maps discovered:
D:1:      psy_arrival_basics, layout_loops_ring
D:2:      layout_basic, serial_shops, nicolae_shop_waterfront,
          kennysheep_generic_room_9
D:3:      layout_basic, serial_shops, shop
D:4:      layout_cave_pods, lemuel_round_altar,
          chequers_temple_overflow_statue_of_worship
D:5:      layout_basic, nicolae_uskayaw_suspiria, uniq_blork_the_orc
D:6:      layout_gridville, temple_hall, serial_shops, shop, uniq_grinder
D:7:      layout_loops_cross, serial_shops,
          nicolae_shop_competitors_out_of_business, grunt_ministairs_4
Temple:   minmay_temple_curvy_loop

Skill      XL: |  1  2  3  4  5  6  7  8 |
---------------+-------------------------+-----
Throwing       | 4 5 6 7 8 |  8.1
Unarmed Combat | 1 2 3 4 5 |  5.2
Fighting       | 2 3 4 |  4.7
Dodging        | |  1.5
Stealth        | |  0.3

Action                   |  1- 3 |  4- 6 |  7- 9 || total
-------------------------+-------+-------+-------++-------
Melee: Unarmed           |   100 |   131 |    79 ||   310
       Punch             |       |     4 |     1 ||     5
Throw: Large rock        |    11 |     4 |     4 ||    19
       Throwing net      |       |     1 |       ||     1
Invok: Draw Destruction  |       |       |     2 ||     2
       Draw Escape       |       |       |     1 ||     1
 Stab: Sleeping          |     3 |       |       ||     3
       Held in net/web   |       |     2 |       ||     2
Armor: Robe              |    37 |    43 |    32 ||   112
Dodge: Dodged            |    41 |    66 |    35 ||   142

Table legend: (Time is in decaauts)
 A = Elapsed time spent in this place.
 B = Non-inter-level travel time spent in this place.
 C = Inter-level travel time spent in this place.
 D = Time resting spent in this place.
 E = Time spent auto-exploring this place.
 F = Levels seen in this place.
 G = Mean time per level.
                   A        B        C        D        E       F      G
               +--------+--------+--------+--------+--------+-----+--------+
         Total |   5787 |   5597 |    190 |     64 |   4280 |   8 |  723.4 |
       Dungeon |   5568 |   5400 |    168 |     64 |   4094 |   7 |  795.4 |
        Temple |    218 |    196 |     22 |      0 |    186 |   1 |  218.0 |
               +--------+--------+--------+--------+--------+-----+--------+

Top non-repeatable levels by time:
     D:5: 995 daAuts
     D:2: 928 daAuts
     D:4: 915 daAuts
     D:3: 908 daAuts
     D:6: 838 daAuts
     D:1: 812 daAuts
  Temple: 218 daAuts
     D:7: 169 daAuts
